[Event "Catalonia Championship Absolut"]
[Site "Salou Tarragona"]
[Date "2024.05.11"]
[Round "1.1"]
[White "Alsina Leal, Daniel"]
[Black "Riera Morilla, Elisabeth"]
[Result "1-0"]
[ECO "C84"]
[WhiteElo "2510"]
[BlackElo "1951"]
[Annotator "TA"]
[PlyCount "79"]
[EventDate "2024.05.06"]
[EventType "k.o."]
[EventCountry "ESP"]
[SourceTitle "playchess.com"]
[Source "ChessBase"]
[SourceQuality "1"]
[TimeControl "5400+30"]

1. e4 e5 2. Nf3 Nc6 3. Bb5 a6 4. Ba4 Nf6 5. O-O b5 6. Bb3 Be7 7. a4 Bb7 8. d3 d6 9. Nc3 b4 10. Ne2 O-O 11. a5 Bc8 12. Bd2 Bg4 {[%emt 0:00:30] The position is equal.} 13. Ba4 Nb8 ({Better is} 13... Na7 $14) 14. Bxb4 $16 Bxf3 15. gxf3 Nh5 16. Kh1 Nd7 17. Bd2 Nc5 18. Bc6 Rb8 19. b4 Ne6 {[%emt 0:00:30] [#]} 20. f4 $1 {[%emt 0:00:30][%mdl 512] Wards off Bg5} exf4 21. c3 Kh8 22. Ng1 g6 23. Re1 Bh4 24. Qe2 Qc8 25. Nf3 {[%emt 0:00:30] Prevents h6.} Bf6 26. e5 Bg7 27. d4 Nd8 28. Bd5 $36 {[%emt 0:00:30][%mdl 2048] White is really pushing. White is more active.} c6 $2 (28... Re8 $16 29. Qd3 dxe5) 29. Bc4 $18 Ra8 30. exd6 Qh3 31. Ng5 ({Less strong is} 31. Bxa6 Rxa6 32. Qxa6 Qxf3+ 33. Kg1 Qg4+ 34. Kh1 Qf3+ 35. Kg1 Qg4+ 36. Kh1 Qf3+ $11) 31... Qh4 32. Rg1 {[%emt 0:00:30][%cal Og1g4] [#] Hoping for Rg4!} h6 $2 (32... f6 33. Nf3 Qh3) 33. Rg4 {[%emt 0:00:30] White is clearly winning.} Ng3+ 34. fxg3 Qh5 35. Bxf4 hxg5 36. Bxg5 Kg8 37. Rf1 (37. Bxa6 Rxa6 38. Be7 Re8 39. Qxa6 Qxg4 $16) 37... Ra7 38. Be7 (38. Bxa6 Rxa6 39. d7 Ne6 $18) 38... Re8 39. Re4 (39. Bxa6 Rxa6 40. Qxa6 Qxg4 $16) 39... Qh3 40. Qf3 {[%emt 0:00:30] Black got outplayed after the opening.   Weighted Error Value: White=0.04 (flawless) /Black=0.52.  Loses game:     	---       	Black=1      Mistake:       	---       	Black=2      Inaccurate:     	---       	Black=3      OK:         	White=11    	Black=8      Best:        	White=5     	Black=1} 1-0

[Event "Catalonia Championship Absolut"]
[Site "Salou Tarragona"]
[Date "2024.05.11"]
[Round "1.1"]
[White "Guerra Mendez, Jose Angel"]
[Black "Guasch Figuerola, Agusti"]
[Result "1-0"]
[ECO "B07"]
[WhiteElo "2489"]
[BlackElo "1991"]
[Annotator "RC"]
[PlyCount "73"]
[EventDate "2024.05.06"]
[EventType "k.o."]
[EventCountry "ESP"]
[SourceTitle "playchess.com"]
[Source "ChessBase"]
[SourceQuality "1"]
[TimeControl "5400+30"]

1. e4 g6 2. d4 Bg7 3. Nf3 d6 4. c3 Nf6 5. Bd3 O-O 6. O-O Nc6 7. Re1 e5 8. h3 Re8 9. d5 Ne7 10. c4 Nh5 11. Nc3 h6 12. Be3 Nf4 13. Bf1 f5 14. Bxf4 exf4 15. e5 dxe5 16. Nxe5 Rf8 17. c5 Rf6 18. d6 cxd6 19. Bc4+ d5 20. Nxd5 Nxd5 21. Bxd5+ Kh7 22. Qb3 Qc7 23. Rad1 Rf8 24. Nd3 Rb8 25. Qc4 g5 26. b4 a6 27. Re2 Bd7 28. Rde1 Bb5 29. Qb3 Rbe8 30. a4 Rxe2 31. Rxe2 Re8 32. Be6 Bxd3 33. Qxd3 Kh8 34. Qxf5 Rf8 35. Qe4 Re8 36. Qg6 Qd8 37. Bf5 1-0

[Event "Catalonia Championship Absolut"]
[Site "Salou Tarragona"]
[Date "2024.05.11"]
[Round "1.1"]
[White "Ayats Llobera, Gerard"]
[Black "Serrano Batova, Vicent"]
[Result "1/2-1/2"]
[ECO "B31"]
[WhiteElo "2449"]
[BlackElo "2137"]
[Annotator "TA"]
[PlyCount "166"]
[EventDate "2024.05.06"]
[EventType "k.o."]
[EventCountry "ESP"]
[SourceTitle "playchess.com"]
[Source "ChessBase"]
[SourceQuality "1"]
[TimeControl "5400+30"]

1. e4 c5 2. Nf3 Nc6 3. Bb5 g6 4. Bxc6 dxc6 5. Nc3 Bg7 6. d3 Nf6 7. h3 Nd7 8. Be3 e5 9. Qd2 h6 10. O-O b6 11. Nh2 Nf8 {[%emt 0:00:11] White is slightly better.} 12. f4 exf4 13. Bxf4 Ne6 14. Bg3 Qg5 15. Qe1 Nd4 16. Qf2 O-O 17. Rae1 Qe7 (17... Nxc2 $2 18. h4 Nxe1 19. hxg5 $18) 18. Kh1 Be6 19. e5 Nf5 20. Ne4 Qc7 21. Bf4 {[%emt 0:00:47] Nf6+ would now be deadly.} g5 $1 22. g4 Nh4 23. Bg3 Ng6 24. Nf3 {[%emt 0:11:30][%cal Bh2f3,Bf3d2,Bd2e4,Be4d6][%mdl 32] Black must now prevent h4.} Qd7 25. Nfd2 Qd4 26. Qxd4 cxd4 27. Nd6 Rad8 28. Nf5 Rd5 29. Ne4 Rfd8 30. Nxg7 Kxg7 31. Nd6 Rh8 32. Kg1 Ra5 (32... h5 $11) 33. a3 {[%emt 0:00:16] White is more active.} h5 (33... Rd5 $14) 34. Nf5+ $16 Bxf5 35. gxf5 (35. Rxf5 $142 hxg4 36. hxg4) 35... Nf4 36. Bxf4 gxf4 37. Rxf4 {[%emt 0:40:13][%mdl 4096] Endgame. KRR-KRR} Re8 38. Rfe4 (38. Rxd4 $6 Rexe5 39. Rxe5 Rxe5 $11) 38... Kh6 39. h4 {[%emt 0:00:00] Wards off f6} (39. Rxd4 $6 Rexe5 40. Rxe5 Rxe5 $14) 39... f6 40. Rxd4 {[%emt 0:00:00] Strongly threatening Rd6.} (40. exf6 $6 Rg8+ 41. Kh1 Rxf5 $16) 40... Raxe5 41. Rxe5 Rxe5 $18 {[%emt 0:00:26] KR-KR} 42. Rd6 $1 Rxf5 43. Rxc6 Rf4 (43... b5 $142 44. Kg2 Rf4) 44. Kg2 (44. Rc4 $1 $18 {[%cal Rc4f4] and the rest is easy.} Rf5 45. Kh2) 44... Kg6 (44... Rg4+ $16 45. Kf2 Rxh4) 45. Rc4 $1 Rf5 46. b4 Rd5 47. Rc7 a5 (47... Kf5 $142 48. Kf3 (48. Rxa7 Kg4 $18) 48... Rd4) 48. Rc6 axb4 49. axb4 (49. Rxb6 Rc5 $11 (49... bxa3 50. Ra6 $14)) 49... Re5 50. Kf3 (50. Rxb6 Re2+ 51. Kf1 Rxc2 $11) 50... Rf5+ 51. Ke3 Re5+ 52. Kf3 Rf5+ $1 53. Kg3 Rb5 54. c3 Kf5 55. Kf3 Ke5 (55... Kg6 $142 56. Ke4 Re5+ 57. Kd4 b5) 56. d4+ Kd5 57. Rxf6 Kc4 58. Rc6+ Kd3 59. Kf4 Rd5 60. c4 (60. Rxb6 Kxc3 61. Ke3 Rd8 $18) 60... Rxd4+ 61. Kg5 b5 62. cxb5 (62. Kxh5 bxc4 63. b5 c3 $11) 62... Rd5+ 63. Kg6 Rxb5 {[%emt 0:00:50] [#]} 64. Re6 $2 (64. Rc5 $1 $18 Rxb4 65. Kxh5 (65. Rxh5 Ke3 $11)) 64... Rxb4 $2 (64... Kd4 $11) 65. Kxh5 Rb1 66. Kh6 Kd4 {[%emt 0:00:41] [#]} 67. h5 $1 Rh1 68. Kg6 Kd5 69. Re2 $2 (69. Rb6 {mates} Kc5 70. Rf6 Rh4 71. h6 Rh3 72. h7 Kb4 73. Kg7 Ka4 74. Ra6+ (74. h8=R Rxh8 75. Kxh8 Kb4 76. Rc6 Kb5 77. Rc2 Kb4 78. Kg7 Kb3) 74... Kb3 75. Rh6 (75. h8=R Rg3+ 76. Rg6 Rd3 $18) (75. h8=Q Rxh8 76. Kxh8 Kc4 77. Ra4+ Kb3 78. Rg4 Kc3 79. Kg7 Kd3) 75... Rg3+ 76. Kf7 (76. Rg6 Rh3 $18) 76... Rf3+ 77. Ke7 Re3+ 78. Kd7) 69... Rg1+ $11 {[%emt 0:00:22] The position is equal.} 70. Kh7 (70. Kf6 $5 Rf1+ $8 71. Kg5 Rg1+ 72. Kh6 $11) 70... Kd6 $1 71. h6 Kd7 {[%emt 0:00:10] Dodges Re8} 72. Kh8 Rg6 73. Kh7 Rg1 74. Ra2 Ke7 75. Ra7+ Kf8 76. Rg7 Rh1 77. Rg3 Rf1 78. Rg2 (78. Kg6 $5 Kg8 $8 79. Rc3 Rg1+ 80. Kh5 $11) 78... Rf3 79. Kg6 {[%emt 0:00:05] White threatens h7 and mate.} Kg8 80. h7+ Kh8 81. Rd2 {[%emt 0:00:05] White wants to mate with Rd8+.} Rg3+ 82. Kh6 {[%emt 0:00:04] Intending Rd8+ and mate.} Rh3+ 83. Kg6 Rg3+ {[%emt 0:00:06] Black defended with fortune.   Weighted Error Value: White=0.15 (very precise) /Black=0.19 (very precise) .  Mistake:       	White=2     	Black=7      Inaccurate:     	White=1     	Black=2      OK:         	White=21    	Black=26     Best:        	White=4     	Black=4      Strong:       	White=1     	Black=3} 1/2-1/2

[Event "Catalonia Championship Absolut"]
[Site "Salou Tarragona"]
[Date "2024.05.11"]
[Round "1.1"]
[White "Narciso Dublan, Marc"]
[Black "Perpinya Rofes, Lluis Maria"]
[Result "1/2-1/2"]
[ECO "A27"]
[WhiteElo "2424"]
[BlackElo "2205"]
[Annotator "TA"]
[PlyCount "99"]
[EventDate "2024.05.06"]
[EventType "k.o."]
[EventCountry "ESP"]
[SourceTitle "playchess.com"]
[Source "ChessBase"]
[SourceQuality "1"]
[TimeControl "5400+30"]

1. c4 e5 2. Nc3 Nc6 3. Nf3 g6 4. d4 exd4 5. Nxd4 Bg7 6. Nxc6 bxc6 7. g3 Ne7 8. Bg2 O-O 9. O-O d6 10. Bg5 Rb8 11. Qd2 Be6 12. b3 c5 13. Rad1 f6 {[%emt 0:02:10] White is slightly better.} 14. Bf4 Re8 15. Na4 Qc8 16. Qa5 Bd7 {[%emt 0:07:24] [#]} (16... g5 $14 17. Bc1 Bd7) 17. Nxc5 $1 $16 dxc5 18. Qxc7 {[%emt 0:00:49] White has more active pieces.} Qxc7 19. Bxc7 Be6 20. Bxb8 Rxb8 21. Rd6 $36 {[%emt 0:02:24][%mdl 2048] Black is under strong pressure.} Kf7 (21... Bc8 $16 {might work better.} 22. Rfd1 Kf7) 22. Ra6 $18 Nc8 23. Rc6 $1 Bf8 24. Rd1 {[%emt 0:01:41] Wards off Bd6} Be7 25. Rc7 {[%emt 0:01:06] Rd8 would now be deadly.} Kf8 26. Bc6 a5 27. Rd3 h5 28. f3 (28. Bd7 $18 Bg4 29. Bxg4 hxg4 30. Kg2) 28... Rb6 $2 (28... Bd6 $14 29. Rb7 (29. Rxc8+ Rxc8 30. Rxd6 Ke7 $15) 29... Rxb7 30. Bxb7 Bc7) 29. Re3 $2 {[%emt 0:02:07] [#]} (29. Bd7 $1 $18 Bxd7 30. Rdxd7) 29... Bd8 $1 $17 30. Rxe6 Bxc7 31. Re8+ Kf7 {[%emt 0:00:25] And now ...Nd6 would win.} 32. Ba4 Ne7 33. Ra8 Rd6 34. Ra7 (34. Kf2 $142) 34... Rd1+ 35. Kf2 {[%emt 0:00:29] [#]} (35. Kg2 $17 Be5 36. f4) 35... Be5 $1 $19 36. b4 $2 (36. Bc6 {is a better defense.}) 36... Bd4+ 37. e3 Rd2+ 38. Kf1 Bxe3 39. bxa5 Rf2+ 40. Ke1 Rxa2 41. Bc6 Bd2+ (41... Rxh2 42. Bd5+ Ke8 43. Ra8+ Kd7 44. Ra7+ Kd6 45. Ra6+ Kc7 46. Ra7+ Kd8 47. Ra8+ Nc8 48. a6 $15) 42. Kd1 Rxa5 ({Not} 42... Bxa5 43. Bd5+ Ke8 44. Ra8+ Kd7 45. Ra7+ Kd6 46. Ra6+ Ke5 47. Re6+ Kd4 48. Rxe7 $17) 43. Rb7 Bh6 (43... Bb4 $19 {Threatens to win with ...Ra1+.} 44. g4 hxg4 45. fxg4 Ra1+ 46. Ke2 f5) 44. Bd5+ $1 $15 Kf8 (44... Ke8 $1 $15 45. Rb8+ Kd7 46. Rb7+ Kd8 47. Rb8+ Nc8) 45. Rb8+ $1 $11 {[%emt 0:00:05] The position is equal.} Kg7 46. Rb7 $1 Ra1+ 47. Ke2 Ra2+ 48. Kf1 Ra1+ 49. Ke2 Ra2+ 50. Kf1 {[%emt 0:00:05] White used his chance.   Weighted Error Value: White=0.25 (precise) /Black=0.30.  Loses game:     	---       	Black=1      Missed win:     	White=1     	Black=1      Mistake:       	White=4     	Black=3      Inaccurate:     	White=1     	---        OK:         	White=15    	Black=16     Best:        	White=5     	Black=2      Strong:       	White=4     	Black=1      Brilliant:      	White=1     	---} 1/2-1/2

[Event "Catalonia Championship Absolut"]
[Site "Salou Tarragona"]
[Date "2024.05.11"]
[Round "1.1"]
[White "Lorenzo De La Riva, Lazaro"]
[Black "Lemeshev, Ilya"]
[Result "1-0"]
[ECO "B12"]
[WhiteElo "2422"]
[BlackElo "2313"]
[Annotator "TA"]
[PlyCount "79"]
[EventDate "2024.05.06"]
[EventType "k.o."]
[EventCountry "ESP"]
[SourceTitle "playchess.com"]
[Source "ChessBase"]
[SourceQuality "1"]
[TimeControl "5400+30"]

1. e4 c6 2. d4 d5 3. e5 Bf5 4. h4 h5 5. Bd3 Bxd3 6. Qxd3 e6 7. Nf3 Ne7 8. Bg5 {[%emt 0:00:09] Black is weak on the dark squares} Qb6 9. Nbd2 Nf5 {[%emt 0:01:38][%cal Oc6c5] White has an edge.} 10. O-O Be7 11. Bxe7 Nxe7 12. c4 Nf5 13. Rfc1 {[%emt 0:07:06] Strongly threatening cxd5.} O-O 14. Nf1 Qd8 15. g3 dxc4 16. Rxc4 Na6 17. Ng5 (17. Rd1 $14) 17... Qd7 (17... b5 $1 $11 18. Rc3 (18. Rxc6 $2 Nb4 $19) 18... Qxd4 (18... Nxd4 19. Qh7#)) 18. Ne3 Rae8 (18... Nc7 $1 $11 {keeps the balance.}) 19. Qe2 $16 f6 20. exf6 $40 {[%emt 0:00:35][%mdl 128] White goes for the king.} gxf6 21. Ne4 Nxe3 22. Qxe3 Qg7 {[%emt 0:00:52] Dodges Qh6} 23. Nd6 Re7 24. Re1 {[%emt 0:00:02] White has more active pieces.} Qh7 {[%emt 0:03:30] Inhibits Nf5.} 25. Qf3 (25. Ra4 $18) 25... Qg6 (25... f5 $16) 26. Ra4 Qc2 27. b3 Nb4 $2 {[%emt 0:00:21] [#]} (27... Qd2 28. Rd1 Qc2 29. Nxb7 (29. Qxh5 Nc7 $18) 29... Nc7) 28. Nf5 $18 (28. Rxb4 Qd2 29. Rxb7 Qxe1+ 30. Kg2 Rxb7 31. Nxb7 e5 $11) (28. Rxa7 Qh7 29. Ne4 Qg6 $18) (28. Qxh5 Nd3 29. Rf1 Rg7 $16) 28... Ree8 29. Nh6+ (29. Rxb4 exf5 30. Rxe8 Rxe8 31. Rxb7 Re1+ 32. Kg2 Qe4 33. Qxe4 (33. Rxa7 $2 {perishes.} Rg1+ 34. Kxg1 Qxf3 $19) 33... fxe4 34. Rxa7 Re2 $18) 29... Kg7 30. Rxb4 ({Not} 30. Qxh5 Nd5 31. Rxa7 Rb8 $11) 30... b5 31. d5 Kxh6 32. dxe6 Re7 33. Rf4 Qg6 34. Qxc6 f5 35. Qxb5 (35. Qc5 $142 Qg7 36. Rxf5 Rxf5 37. Qxf5) 35... Rxe6 36. Rxe6 Qxe6 37. Ra4 Rf6 38. Rxa7 {[%emt 0:00:18] [#] Qb8 is the strong threat.} Rg6 (38... Qe1+ $18 39. Qf1 Qxf1+ 40. Kxf1 f4 41. gxf4 Kg6) 39. Qb8 Rxg3+ 40. Qxg3 {[%emt 0:00:13] Weighted Error Value: White=0.32/Black=0.54.  Mistake:       	White=2     	Black=5      Inaccurate:     	White=1     	Black=3      OK:         	White=17    	Black=8      Best:        	White=3     	Black=1} ({Worse is} 40. fxg3 Qe1+ 41. Kg2 Qe2+ 42. Kg1 Qe1+ 43. Kg2 Qe2+ 44. Kg1 Qe1+ $11) 1-0

[Event "Catalonia Championship Absolut"]
[Site "Salou Tarragona"]
[Date "2024.05.11"]
[Round "1.1"]
[White "Garcia Ramos, Daniel"]
[Black "Cervello Tost, Ferran"]
[Result "*"]
[ECO "B12"]
[WhiteElo "2406"]
[BlackElo "2316"]
[Annotator "RC"]
[PlyCount "23"]
[EventDate "2024.05.06"]
[EventType "k.o."]
[EventCountry "ESP"]
[SourceTitle "playchess.com"]
[Source "ChessBase"]
[SourceQuality "1"]
[TimeControl "5400+30"]

1. e4 c6 2. d4 d5 3. e5 a6 4. c4 Bf5 5. Nc3 e6 6. h4 h5 7. Nf3 Bg4 8. Be3 Ne7 9. Rc1 Nf5 10. Qb3 Nxe3 11. fxe3 Nd7 12. Qxb7 *

[Event "Catalonia Championship Absolut"]
[Site "Salou Tarragona"]
[Date "2024.05.11"]
[Round "1.1"]
[White "Salinas Tomas, Daniel"]
[Black "Ribera Veganzones, Serni"]
[Result "1/2-1/2"]
[ECO "C07"]
[WhiteElo "2370"]
[BlackElo "2341"]
[Annotator "ChessBase"]
[PlyCount "47"]
[EventDate "2024.05.06"]
[EventType "k.o."]
[EventCountry "ESP"]
[SourceTitle "playchess.com"]
[Source "ChessBase"]
[SourceQuality "1"]
[TimeControl "5400+30"]

1. e4 e6 2. d4 d5 3. Nd2 c5 4. Ngf3 cxd4 5. Nxd4 Nc6 6. Bb5 Bd7 7. Nxc6 bxc6 8. Bd3 Bd6 9. c4 Nf6 10. Qe2 Qc7 11. h3 O-O 12. O-O dxe4 13. Nxe4 Nxe4 14. Bxe4 f5 15. Bc2 e5 16. Rd1 Be6 17. b3 e4 18. Bb2 Rad8 19. Rd2 Bh2+ 20. Kh1 Bf4 21. Rxd8 Rxd8 22. Rd1 Rxd1+ 23. Qxd1 Be5 24. Bc1 1/2-1/2

[Event "Catalonia Championship Absolut"]
[Site "Salou Tarragona"]
[Date "2024.05.11"]
[Round "1.1"]
[White "Lacasa Diaz, Josep Anton"]
[Black "Mas Recorda, Pere"]
[Result "1/2-1/2"]
[ECO "C02"]
[WhiteElo "2335"]
[BlackElo "1932"]
[Annotator "ChessBase"]
[PlyCount "60"]
[EventDate "2024.05.06"]
[EventType "k.o."]
[EventCountry "ESP"]
[SourceTitle "playchess.com"]
[Source "ChessBase"]
[SourceQuality "1"]
[TimeControl "5400+30"]

1. e4 e6 2. d4 d5 3. e5 c5 4. c3 Nc6 5. Nf3 Qb6 6. a3 Nh6 7. Bd3 cxd4 8. O-O Nf5 9. b4 Be7 10. Bb2 Bd7 11. Bxf5 exf5 12. cxd4 O-O 13. Nc3 Be6 14. Qd3 Rfc8 15. Rfc1 Qd8 16. Ne2 Qd7 17. Nf4 Nd8 18. h4 Rxc1+ 19. Bxc1 Rc8 20. Bd2 Rc4 21. Nh5 Kh8 22. Qe3 Bf8 23. Qf4 Nc6 24. Be3 Ne7 25. Qg3 Ng8 26. Nf4 h6 27. h5 Rc8 28. Nd3 b6 29. a4 Qc6 30. Bd2 Qc2 1/2-1/2

[Event "Catalonia Championship Absolut"]
[Site "Salou Tarragona"]
[Date "2024.05.11"]
[Round "1.1"]
[White "Buxade Roca, Guillermo"]
[Black "Torrecillas Martinez, Antonio"]
[Result "0-1"]
[ECO "C00"]
[WhiteElo "1916"]
[BlackElo "2298"]
[Annotator "ChessBase"]
[PlyCount "54"]
[EventDate "2024.05.06"]
[EventType "k.o."]
[EventCountry "ESP"]
[SourceTitle "playchess.com"]
[Source "ChessBase"]
[SourceQuality "1"]
[TimeControl "5400+30"]

1. e4 e6 2. g3 d5 3. Bg2 Nf6 4. e5 Nfd7 5. Nf3 c5 6. O-O Nc6 7. Re1 g5 8. d4 g4 9. Ng5 h6 10. Nxf7 Kxf7 11. Qxg4 Bg7 12. Nc3 cxd4 13. Nxd5 Ndxe5 14. Qh5+ Kg8 15. Nf4 Bd7 16. Nh3 Qf6 17. Bf4 Nf7 18. Re2 e5 19. Bd2 Qf5 20. Qxf5 Bxf5 21. Be1 Kh7 22. Be4 Bxe4 23. Rxe4 Rhe8 24. Kg2 Rad8 25. Bd2 Nd6 26. Re2 d3 27. cxd3 Nd4 0-1